 Dungeon Crawl Stone Soup version 0.28.0-53-g5a82cb258f (webtiles) character file.

Game seed: 15123788018501983086

434 Kranky the Skirmisher (level 7, -1/52 HPs)
             Began as an Octopode Fighter on June 20, 2022.
             Slain by an ice beast (3 damage)
             ... on level 4 of the Dungeon.
             The game lasted 00:05:45 (4671 turns).

Kranky the Skirmisher (Octopode Fighter)            Turns: 4671, Time: 00:05:45

Health: -1/52      AC:  1    Str: 15    XL:     7   Next: 0%
Magic:  7/7        EV: 14    Int: 16    God:
Gold:   55         SH:  5    Dex: 14    Spells: 6/6 levels left

rFire   . . .      SeeInvis .   a - +0 flail
rCold   . . .      Faith    .   b - +0 buckler
rNeg    . . .      Spirit   .   (helmet restricted)
rPois   .          Reflect  .   (no amulet)
rElec   .          Harm     .   q - +6 ring of intelligence
rCorr   .          Rampage  .   (no ring)
Will    .....                   (no ring)
Stlth   +++.......              (no ring)
HPRegen 0.17/turn               (no ring)
MPRegen 0.10/turn               (no ring)
                                (no ring)
                                (no ring)

@: no status effects
A: almost no armour, amphibious, 8 rings, camouflage 1, gelatinous body 1,
(nimble swimmer 1), tentacles
a: no special abilities


You were on level 4 of the Dungeon.
You visited 2 branches of the dungeon, and saw 5 of its levels.

You collected 107 gold pieces.
You spent 52 gold pieces at shops.

Inventory:

Hand Weapons
 a - a +0 flail (weapon)
Armour
 b - a +0 buckler (worn)
Jewellery
 m - a ring of ice
 q - a +6 ring of intelligence (left tentacle)
Scrolls
 g - 2 scrolls of blinking {unknown}
 i - 3 scrolls of teleportation {unknown}
 k - a scroll of brand weapon {unknown}
 n - a scroll of holy word {unknown}
 o - a scroll of identify {unknown}
Potions
 c - a potion of might
 d - 2 potions of magic {unknown}
 e - 2 potions of lignification {unknown}
 f - 2 potions of curing {unknown}
 h - 2 potions of brilliance {unknown}
 j - a potion of haste {unknown}
 l - a potion of attraction {unknown}
 p - a potion of mutation {unknown}


   Skills:
 + Level 6.3 Fighting
 - Level 2.0 Maces & Flails
 + Level 4.0 Dodging
 - Level 3.0 Stealth
 + Level 3.7 Shields


You had 6 spell levels left.
You didn't know any spells.
Your spell library contained the following spells:

 Spells                   Type           Power      Damage    Failure   Level
 Slow                     Hex            0%         N/A       32%         1
 Ensorcelled Hibernation  Hex/Ice        0%         N/A       45%         2
 Confusing Touch          Hex            0%         N/A       69%         3
 Ozocubu's Armour         Ice            0%         N/A       69%         3
 Spider Form              Tmut/Pois      0%         N/A       69%         3
 Vampiric Draining        Necr           0%         2d6       69%         3
 Anguish                  Hex/Necr       0%         N/A       97%         4
 Metabolic Englaciation   Hex/Ice        0%         N/A       100%        5
 Simulacrum               Ice/Necr       0%         N/A       100%        6


Dungeon Overview and Level Annotations

Branches:
Dungeon (4/15)             Temple (1/1) D:4

Altars:
Dithmenos
Elyvilon
Fedhas
Hepliaklqana
Kikubaaqudgha
Nemelex Xobeh
Qazlal
Ru
Sif Muna
Trog
Xom
Yredelemnul

Shops:
D:2 *

Annotations:
D:3 2 runed translucent doors, bnorton916's ghost, amateur DEFE
D:4 exclusion: ice beast


Innate Abilities, Weirdness & Mutations

You cannot wear most types of armour.
You are amphibious.
You can wear up to eight rings at the same time.
Your skin changes colour to match your surroundings (Stealth+).
Your rubbery body absorbs attacks. (AC +1, EV +1)
((You are camouflaged when in or above water. (Stealth+)))
You have tentacles for arms and can constrict up to eight enemies at once.


Message History

Really wriggle into a travel-excluded area?
Found a shimmering blue altar of Sif Muna.
The helpless ice beast fails to defend itself.
You hit the ice beast.
The ice beast is lightly wounded.
The ice beast barely misses you. The ice beast completely misses you.
You hit the ice beast but do no damage.
The ice beast is lightly wounded.
The ice beast closely misses you.
You hit the ice beast but do no damage.
Your tentacle-slap misses the ice beast.
The ice beast is lightly wounded.
The ice beast barely misses you. The ice beast closely misses you.
You sock the ice beast!
The ice beast is moderately wounded.
The ice beast barely misses you.
You hit the ice beast but do no damage.
The ice beast is moderately wounded.
You block the ice beast's attack.
You hit the ice beast but do no damage.
The ice beast is moderately wounded.
The ice beast hits you. The ice beast freezes you!
The ice beast barely misses you.
You closely miss the ice beast.
The ice beast is moderately wounded.
The ice beast hits you. The ice beast freezes you!
You sock the ice beast!
You squeeze the ice beast, but do no damage.
The ice beast is severely wounded.
The ice beast hits you. The ice beast freezes you!
You hit the ice beast.
The ice beast is severely wounded.
The ice beast hits you.
* * * LOW HITPOINT WARNING * * *
The ice beast freezes you!
* * * LOW HITPOINT WARNING * * *
You barely miss the ice beast.
The ice beast is severely wounded.
The ice beast hits you.
You die...

#.....# #......... #.....#
#......... #.....# #.........
#.^...#+######.......).
#....?.........#####...
###########.........$....# #...
.........................# #...
.....................##### #...
...........#####@...## #...
##.#####...#...#Y...# #... #.#
#...'...#......_. #... #.#
#...#...##+###..8 #... ##.###
#...#...##...# .. #... ##'###
#...######...##########...
#⌠.⌠####...#...>#...#............
#.>.#......#....#...#............
#⌠.⌠####...'....#...#............


You could see an ice beast.

Vanquished Creatures
  A black bear (D:4)
  A necrophage (D:3)
  A scorpion (D:4)
  A centaur skeleton (D:4)
  An iguana (D:4)
  A hound skeleton (D:4)
  7 adders
  An adder skeleton (D:4)
  3 dart slugs (D:3)
  3 orcs
  6 endoplasms
  2 giant cockroaches (D:1)
  8 goblins
  6 hobgoblins
  4 jackals (D:4)
  3 kobolds
  4 quokkas
  A ball python (D:1)
  3 bats
  A frilled lizard (D:1)
  3 rats
61 creatures vanquished.

Notes
Turn   | Place    | Note
-------+----------+-------------------------------------------
     0 | D:1      | Kranky the Octopode Fighter began the quest for the Orb.
     0 | D:1      | Reached XP level 1. HP: 16/16 MP: 1/1
   190 | D:1      | Reached skill level 1 in Stealth
   329 | D:1      | Reached XP level 2. HP: 20/21 MP: 2/2
  1006 | D:1      | Found a faded altar of an unknown god.
  1648 | D:3      | Reached XP level 3. HP: 26/26 MP: 3/3
  1954 | D:3      | Found a large runed translucent door.
  1954 | D:3      | Found a large runed translucent door.
  1959 | D:3      | Noticed bnorton916's ghost (amateur DEFE)
  2097 | D:3      | Reached skill level 4 in Fighting
  2202 | D:2      | Found Lezxett's Assorted Antiques.
  2213 | D:2      | Bought a scroll labelled XAYV ATWAQ for 26 gold pieces
  2213 | D:2      | Bought a scroll labelled OMILUOFOOSU for 26 gold pieces
  2402 | D:2      | Reached XP level 4. HP: 33/33 MP: 4/4
  2618 | D:3      | Found a hazy altar of Hepliaklqana.
  2737 | D:3      | Noticed a necrophage
  2743 | D:3      | Killed a necrophage
  2744 | D:3      | Reached skill level 5 in Fighting
  2744 | D:3      | Reached XP level 5. HP: 35/39 MP: 5/5
  3316 | D:4      | Noticed an ice beast
  3388 | D:4      | Found a staircase to the Ecumenical Temple.
  3413 | Temple   | Entered the Ecumenical Temple
  3824 | D:4      | Reached XP level 6. HP: 31/46 MP: 6/6
  3968 | D:4      | Noticed a black bear
  3978 | D:4      | Killed a black bear
  3979 | D:4      | Reached skill level 6 in Fighting
  4306 | D:4      | Found a bloodstained altar of Trog.
  4503 | D:4      | Reached XP level 7. HP: 43/52 MP: 7/7
  4660 | D:4      | Found a shimmering blue altar of Sif Muna.
  4670 | D:4      | HP: 2/52 [ice beast (13)]
  4671 | D:4      | Slain by an ice beast

Illustrated notes

Levels and vault maps discovered:
D:1:      lightli_arrival_windingriver, layout_loops_corners,
          dreamdust_ecumenical_altar_hidden_monk_grotto
D:2:      layout_basic, serial_shops, shop
D:3:      minmay_evil_eye, layout_loops_ring, old_standard_altar,
          ebering_ghost_disaster_area, kennysheep_nub
D:4:      layout_gridville, mainiacjoe_overflow_brackets, led_sif_book,
          temple_doors_e
Temple:   dpeg_three_leaves_temple

Skill      XL: |  1  2  3  4  5  6 |
---------------+-------------------+-----
Stealth        | 1 2 3 |  3.0
Fighting       | 4 5 6 |  6.3
Dodging        | 4 |  4.0
Maces & Flails | |  2.0
Shields        | |  3.7

Action                   |  1- 3 |  4- 6 |  7- 9 || total
-------------------------+-------+-------+-------++-------
Melee: Flail             |    63 |    56 |    14 ||   133
       Constrict         |    14 |    17 |     1 ||    32
       Tentacles         |     7 |    15 |     2 ||    24
 Stab: Sleeping          |    14 |     3 |     1 ||    18
Armor: Skin              |     5 |     3 |       ||     8
Dodge: Dodged            |    22 |    40 |     9 ||    71
Block: Buckler           |     7 |    17 |     2 ||    26
